 Seeded DCSS version 0.28-a0-1312-g71652a0310 (webtiles) character file.

Game seed: 12219887455895637472 (custom seed)

182 wilfster70 the Magician (level 5, -1/35 HPs)
             Began as a Djinni Hedge Wizard on Dec 27, 2021.
             Slain by Pikel (7 damage)
             ... on level 3 of the Dungeon.
             The game lasted 00:09:24 (4091 turns).

wilfster70 the Magician (Djinni Hedge Wizard)       Turns: 4091, Time: 00:09:24

Health: -1/35      AC:  4    Str:  9    XL:     5   Next: 93%
Gold:   107        EV: 12    Int: 17    God:
                   SH:  0    Dex: 13

rFire   + + .      SeeInvis +   a - +0 dagger
rCold   x . .      Faith    .   (no shield)
rNeg    . . .      Spirit   .   b - +0 robe
rPois   ∞          Reflect  .   c - +0 hat
rElec   .          Harm     .   i - +1 cloak
rCorr   .          Rampage  .   (no gloves)
Will    .....                   (boots unavailable)
Stlth   ++........              (no amulet)
HPRegen 0.11/turn               d - ring of see invisible
MPRegen 0.00/turn               (no ring)

@: brilliant, flying
A: sickness immunity, fire resistance 2, cold vulnerability 1, float, innate
caster, hp casting, extra vitality 1
a: no special abilities


You were on level 3 of the Dungeon.
You visited 1 branch of the dungeon, and saw 4 of its levels.

You collected 107 gold pieces.

Inventory:

Hand Weapons
 a - a +0 dagger (weapon)
Missiles
 e - 3 boomerangs of dispersal
Armour
 b - a +0 robe (worn)
 c - a +0 hat (worn)
 i - a +1 cloak (worn)
Jewellery
 d - a ring of see invisible (left hand)
 j - a ring of ice
Potions
 f - 2 potions of lignification


   Skills:
 - Level 2.1 Dodging
 - Level 1.5 Stealth
 + Level 4.7 Spellcasting


You couldn't memorise any spells.
You knew the following spells:

 Your Spells              Type           Power      Damage    Failure   Level
a - Magic Dart            Conj           100%       1d8       1%          1
b - Searing Ray           Conj           60%        2d6       3%          2
c - Call Imp              Summ           30%        N/A       3%          2
d - Slow                  Hex            100%       N/A       1%          1
e - Conjure Flame         Conj/Fire      30%        6-21      6%          3
f - Mephitic Cloud        Conj/Pois/Air  30%        N/A       6%          3
g - Beastly Appendage     Tmut           60%        N/A       1%          1
h - Blink                 Tloc           60%        N/A       3%          2
Your spell library was empty.

Dungeon Overview and Level Annotations

Branches:
Dungeon (4/15)
 Temple: D:4-7

Altars:
Makhleb
Yredelemnul

Annotations:
D:3 Pikel


Innate Abilities, Weirdness & Mutations

You are immune to sickness and miasma.
You are immune to poison.
Your flesh is very heat resistant. (rF++)
You are vulnerable to cold. (rC-)
You float through the air rather than walking.
You learn spells naturally, not from books.
Your magical power is your life essence.
You have superior vitality. (+4 MHP)


Message History

The searing ray hits Pikel.
Pikel is lightly wounded.
The searing ray hits the lemure!
The lemure is heavily wounded.
The endoplasm freezes you.
You are frozen.
You feel a terrible chill!
* * * LOW HITPOINT WARNING * * *
Pikel closely misses you.
The searing ray hits Pikel.
Pikel is lightly wounded.
The searing ray hits the lemure!
The lemure is severely wounded.
* * * LOW HITPOINT WARNING * * *
You finish channelling your searing ray.
The endoplasm freezes you.
You are frozen.
You feel a terrible chill!
* * * LOW HITPOINT WARNING * * *
Pikel hits you but does no damage.
It was a potion of brilliance.
You feel clever all of a sudden.
The endoplasm hits you but does no damage.
Pikel barely misses you.
It was a potion of curing.
You feel better. The endoplasm barely misses you.
Pikel hits you with a +1 whip of flaming.
* * * LOW HITPOINT WARNING * * *
Casting: Searing Ray (safe; 3% risk of failure)
Confirm with . or Enter, or press ? or * to list all spells.
Aiming: Searing Ray (safe; 3% risk of failure)
Press: ? - help, Shift-Dir - straight line, f/p - Pikel
Aim: Pikel, wielding a +1 whip of flaming and wearing a +2 robe of resistance (lightly wounded, 74% to hit)
You feel a surge of power!
The searing ray hits Pikel!
Pikel is moderately wounded.
The searing ray hits the lemure!
You kill the lemure!
That felt strangely unrewarding. (Press . to maintain the ray.)
* * * LOW HITPOINT WARNING * * *
The endoplasm misses you.
Pikel hits you with a +1 whip of flaming!
You die...

#.......##....# #)##..# ##..
#.####......#.# #.##..# ##.
#.# #.##.###.# #)##..#####.
##.####.##.###.#
#)##....†...
#..............#
#.###.#####.
#.#####.##...### #.# #.# ##
#.# #.####5# #.# #.# #>#
#.####J# #.###.# # ##.##
#....K@# #.....# ####...##
#..##### #####.# ........#
#..# #.# ####....# #..###
#.# # ##.#.# #....# #.# #
#.#.###..#.# #.#
#####........#.###########.#
........####.#.............#
######.[# #.#############.#


You could see Pikel, a lemure and an endoplasm.

Vanquished Creatures
  A lemure (D:3)
  An orc wizard (D:3)
  Natasha (D:3)
  5 adders
  2 dart slugs
  11 orcs
  6 ball pythons
  10 endoplasms
  A giant cockroach (D:1)
  4 goblins
  8 hobgoblins
  3 quokkas
  7 bats
  6 frilled lizards
  6 kobolds
  4 rats
76 creatures vanquished.

Notes
Turn   | Place    | Note
-------+----------+-------------------------------------------
     0 | D:1      | wilfster70 the Djinni Hedge Wizard began the quest for the
                  | Orb.
     0 | D:1      | Reached XP level 1. HP: 15/15 MP: 0/0
   378 | D:1      | Reached XP level 2. HP: 12/21 MP: 0/0
   766 | D:1      | Found a faded altar of an unknown god.
   786 | D:1      | Reached skill level 3 in Spellcasting
  1198 | D:1      | Reached XP level 3. HP: 22/25 MP: 0/0
  1198 | D:1      | Learned a level 1 spell: Beastly Appendage
  2017 | D:2      | Reached XP level 4. HP: 28/31 MP: 0/0
  2508 | D:2      | Reached skill level 4 in Spellcasting
  2871 | D:3      | Reached XP level 5. HP: 33/35 MP: 0/0
  2871 | D:3      | Learned a level 2 spell: Searing Ray
  3062 | D:3      | Found a burning altar of Makhleb.
  3734 | D:3      | Found a basalt altar of Yredelemnul.
  4072 | D:4      | Noticed Natasha
  4072 | D:4      | Noticed a lemure
  4072 | D:4      | Noticed a lemure
  4073 | D:4      | Noticed Pikel
  4073 | D:4      | Noticed a lemure
  4075 | D:4      | Noticed a kobold brigand
  4080 | D:3      | Killed Natasha
  4082 | D:4      | Noticed a lemure
  4088 | D:3      | HP: 1/35 [frozen (3)]
  4091 | D:3      | Killed a lemure
  4091 | D:3      | Slain by Pikel

Illustrated notes

Levels and vault maps discovered:
D:1:      mushboom_english_gardens, layout_loops_ring, serial_aquarium,
          aquarium_bridge_island_small [aquarium_subvault_small_open,
          aquarium_subvault_wall, aquarium_subvault_bridge,
          aquarium_subvault_bridge, aquarium_subvault_wall],
          aquarium_window_fake, aquarium_window_1, aquarium_window_2,
          aquarium_view_2f, aquarium_view_2f, aquarium_pool_2,
          nicolae_ecumenical_lake_church
D:2:      layout_rooms, kennysheep_generic_room_3
D:3:      layout_loops_ring, bloody_makhleb, lemuel_round_altar
D:4:      layout_rooms, mainiacjoe_overflow_surrounded_room, uniq_menkaure,
          uniq_natasha, uniq_grinder, uniq_pikel

Skill      XL: |  1  2  3  4 |
---------------+-------------+-----
Spellcasting   | 3 4 |  4.7
Dodging        | |  2.1
Stealth        | |  1.5

Action                   |  1- 3 |  4- 6 || total
-------------------------+-------+-------++-------
 Cast: Magic Dart        |    84 |    46 ||   130
       Blink             |     1 |       ||     1
       Searing Ray       |       |    19 ||    19
  Use: Scroll            |     1 |     5 ||     6
       Potion            |       |     2 ||     2
Armor: Robe              |     2 |     4 ||     6
Dodge: Dodged            |     4 |    18 ||    22

Table legend: (Time is in decaauts)
 A = Elapsed time spent in this place.
 B = Non-inter-level travel time spent in this place.
 C = Inter-level travel time spent in this place.
 D = Time resting spent in this place.
 E = Time spent auto-exploring this place.
 F = Levels seen in this place.
 G = Mean time per level.
                   A        B        C        D        E       F      G
               +--------+--------+--------+--------+--------+-----+--------+
         Total |   4091 |   4015 |     76 |   1371 |   2062 |   4 | 1022.8 |
       Dungeon |   4091 |   4015 |     76 |   1371 |   2062 |   4 | 1022.8 |
               +--------+--------+--------+--------+--------+-----+--------+

Top non-repeatable levels by time:
     D:1: 1871 daAuts
     D:3: 1342 daAuts
     D:2: 870 daAuts
     D:4: 7 daAuts
